[Event "Titled Tuesday Blitz March 22 Late 2022"]
[White "Vifleemskaia, Svetlana"]
[Black "Estrada Nieto, Julian"]
[WhiteFideId "4129490"]
[BlackFideId "5101018"]
[WhiteElo "1901"]
[BlackElo "2246"]
[Result "1/2-1/2"]
[Round "08"]
[TimeControl "180+1"]
[Date "2022.03.22"]
[WhiteClock "0:00:04"]
[BlackClock "0:00:05"]

1. d4 Nf6 2. c4 e6 3. Nc3 c5 4. d5 exd5 5. cxd5 d6 6. e4 g6 7. Nf3 Bg7 8. Be2 Bg4 9. Nd2 Bxe2 10. Qxe2 O-O 11. O-O Re8 12. Qd3 Nbd7 13. Nc4 Ne5 14. Nxe5 Rxe5 15. Bf4 Re8 16. h3 a6 17. a4 Qb6 18. Rfe1 Nh5 19. Bc1 Qb4 20. a5 Qd4 21. Rd1 Qxd3 22. Rxd3 f5 23. exf5 Re1+ 24. Kh2 gxf5 25. Nd1 c4 26. Rd2 Rae8 27. Ne3 c3 28. Rd1 Be5+ 29. g3 Re2 30. bxc3 Bxg3+ 31. Kg1 Bxf2+ 32. Kf1 Ng3+ 33. Kg2 Bxe3+ 34. Kxg3 Bxc1 35. Raxc1 Kg7 36. c4 Kf6 37. c5 R8e3+ 38. Kf4 Re4+ 39. Kf3 R4e3+ 40. Kf4 Re4+ 41. Kf3 dxc5 42. d6 R2e3+ 43. Kf2 Re2+ 44. Kf3 R4e3+ 45. Kf4 Re8 46. d7 R2e4+ 47. Kf3 Rd8 48. Rxc5 Re7 49. Rc7 Ke6 50. Rxb7 Rdxd7 51. Rb6+ Kf7 52. Rxd7 Rxd7 53. Rxa6 Rd4 54. Rh6 Kg7 55. Rb6 Ra4 56. a6 h5 57. Kg3 h4+ 58. Kf3 Kh7 59. Kf2 Kg7 60. Kf3 Ra3+ 61. Kf4 Rxh3 62. Kxf5 Ra3 63. Kg4 Ra4+ 64. Kh3 Kf7 65. Kh2 Ke7 66. Kh3 Kd7 67. Rh6 Kc7 68. Rxh4 Rxh4+ 69. Kxh4 Kb6 70. a7 Kxa7 1/2-1/2


[Site "https://www.chess.com"]

[Event "Titled Tuesday Blitz March 22 Late 2022"]
[White "Vusatiuk, Vladimir"]
[Black "Brahami, Lamine"]
[WhiteFideId "14118610"]
[BlackFideId "7905637"]
[WhiteElo "2157"]
[BlackElo "1909"]
[Result "0-1"]
[Round "08"]
[TimeControl "180+1"]
[Date "2022.03.22"]
[WhiteClock "0:00:06"]
[BlackClock "0:00:23"]

1. Nc3 d5 2. f4 Nf6 3. Nf3 g6 4. e3 Bg7 5. d4 O-O 6. Bd3 Nbd7 7. O-O c5 8. Ne5 c4 9. Be2 a6 10. Bf3 e6 11. a4 Ne8 12. e4 Ndf6 13. exd5 exd5 14. Bd2 Bf5 15. Be1 Ne4 16. Bxe4 Bxe4 17. Nxe4 dxe4 18. Bb4 Nd6 19. c3 Re8 20. Bxd6 Qxd6 21. Nxc4 Qc6 22. Ne3 b5 23. axb5 axb5 24. Qb3 Rab8 25. Ra7 Rf8 26. f5 Qb6 27. Re7 Qd6 28. Rxe4 b4 29. fxg6 hxg6 30. Qd5 Qc7 31. Qc4 Qxc4 32. Nxc4 bxc3 33. bxc3 Rbc8 34. Nd6 Rxc3 35. Rd1 Rd8 36. Nb5 Rb3 37. Nc7 Rb7 38. Na6 Rbd7 39. Kf1 Rxd4 40. Rexd4 Rxd4 41. Rd3 Rxd3 42. Nc5 Ra3 43. Ne4 Bd4 44. Ke2 Kg7 45. h3 Re3+ 46. Kd2 Rxe4 47. Kd3 Rf4 48. Ke2 Rf2+ 49. Kd3 Rxg2 50. h4 Rh2 51. h5 Rxh5 0-1


[Site "https://www.chess.com"]

[Event "Titled Tuesday Blitz March 22 Late 2022"]
[White "Winkels, Marcel"]
[Black "Terletsky, Oleg"]
[WhiteFideId "1003887"]
[BlackFideId "14116774"]
[WhiteElo "1900"]
[BlackElo "2064"]
[Result "1-0"]
[Round "08"]
[TimeControl "180+1"]
[Date "2022.03.22"]
[WhiteClock "0:00:45"]
[BlackClock "0:00:01"]

1. e4 e5 2. Nf3 Nc6 3. Bc4 Nf6 4. Ng5 d5 5. exd5 Na5 6. Bb5+ c6 7. dxc6 bxc6 8. Bd3 Nd5 9. Ne4 f5 10. Ng3 g6 11. O-O Bd6 12. Be2 h5 13. d4 e4 14. c4 Nf4 15. b4 Nb7 16. Bb2 h4 17. Nh1 Qg5 18. g3 Nh3+ 19. Kg2 f4 20. d5 hxg3 21. fxg3 O-O 22. Qd4 f3+ 23. Bxf3 exf3+ 24. Rxf3 Be5 25. Qxe5 Qxe5 26. Rxf8+ Kxf8 27. Bxe5 cxd5 28. c5 Bf5 29. Nc3 a5 30. Nf2 axb4 31. Nxh3 bxc3 32. Bxc3 1-0


[Site "https://www.chess.com"]

[Event "Titled Tuesday Blitz March 22 Late 2022"]
[White "Zherebtsova, Alexandra"]
[Black "Olsen, Filip Boe"]
[WhiteFideId "24129518"]
[BlackFideId "1440640"]
[WhiteElo "2025"]
[BlackElo "2188"]
[Result "0-1"]
[Round "08"]
[TimeControl "180+1"]
[Date "2022.03.22"]
[WhiteClock "0:00:19"]
[BlackClock "0:01:14"]

1. d4 Nf6 2. c4 e6 3. Nf3 d5 4. e3 a6 5. Nbd2 dxc4 6. Nxc4 b5 7. Nce5 Bb7 8. a4 b4 9. a5 c5 10. Bd2 cxd4 11. Qa4+ Nbd7 12. Nxd4 Be7 13. Nec6 Bxc6 14. Nxc6 Nc5 15. Nxd8+ Nxa4 16. Nxf7 Kxf7 17. Rxa4 Rhc8 18. Bd3 Nd5 19. Ke2 b3 20. e4 Nf6 21. f3 Nd7 22. Rc4 Rxc4 23. Bxc4 Ne5 24. Bxb3 Rb8 25. Ba4 Rxb2 26. Rc1 Bb4 27. Rd1 Nc4 0-1


[Site "https://www.chess.com"]

[Event "Titled Tuesday Blitz March 22 Late 2022"]
[White "Zhukov, Maksim"]
[Black "Romanchuk, Viktor"]
[WhiteFideId "34181790"]
[BlackFideId "14109271"]
[WhiteElo "1978"]
[BlackElo "2242"]
[Result "0-1"]
[Round "08"]
[TimeControl "180+1"]
[Date "2022.03.22"]
[WhiteClock "0:00:23"]
[BlackClock "0:01:48"]

1. d4 d5 2. c4 c6 3. Nc3 Nf6 4. e3 e6 5. Nf3 Nbd7 6. Bd3 Be7 7. e4 dxe4 8. Nxe4 O-O 9. O-O c5 10. b3 b6 11. Bb2 Bb7 12. Qe2 cxd4 13. Nxd4 Nc5 14. Nxc5 bxc5 15. Nf3 Qa5 16. Rfd1 Rad8 17. Bc2 Rxd1+ 18. Rxd1 Bxf3 19. Qxf3 Qxa2 20. Qe2 Qa5 21. h3 Rd8 0-1


[Site "https://www.chess.com"]

[Event "Titled Tuesday Blitz March 22 Late 2022"]
[White "Zhurbinsky, David"]
[Black "Marcziter, Dmitrii"]
[WhiteFideId "2072904"]
[BlackFideId "13900765"]
[WhiteElo "2554"]
[BlackElo "2155"]
[Result "1-0"]
[Round "08"]
[TimeControl "180+1"]
[Date "2022.03.22"]
[WhiteClock "0:00:38"]
[BlackClock "0:02:15"]

1. e4 c5 2. Nf3 a6 3. c4 e6 4. d4 cxd4 5. Nxd4 Nf6 6. Nc3 Qc7 7. Be2 b6 8. O-O Bb7 9. f3 Nc6 10. Be3 Ne5 11. Rc1 Ng6 12. Qd2 h5 13. a3 h4 14. b4 Bd6 15. f4 Bxf4 16. Bxf4 Nxf4 17. Qxf4 Qxf4 18. Rxf4 e5 19. Nf5 exf4 20. Nd6+ Ke7 21. Nxb7 Rab8 22. e5 Rxb7 23. exf6+ Kxf6 24. Nd5+ Kg5 25. Rf1 Re8 26. Bd3 d6 27. Rxf4 Re5 28. h3 Rxd5 29. Rg4+ Kh5 30. cxd5 b5 31. Rxg7 Re7 32. Kf2 Kh6 33. Rg4 Kh5 34. Kf3 Re5 35. Rf4 Rxd5 36. Rf5+ Rxf5+ 37. Bxf5 Kg5 38. Be4 f5 39. Bd5 Kf6 40. Kf4 Kg6 41. Be6 Kf6 42. Bxf5 d5 43. Bd3 d4 44. Ke4 Kg5 45. Kxd4 Kf4 46. Kc5 Ke3 47. Bf5 Kf2 48. Be4 Ke3 49. Bf3 Kd2 50. Kb6 Kc3 51. Kxa6 Kb2 52. Kxb5 Kxa3 53. Kc4 Kb2 54. b5 Kc2 55. b6 Kd2 56. Kd4 Ke1 57. Ke3 Kf1 58. b7 Kg1 59. b8=Q Kh1 60. g4+ Kg1 61. g5 Kf1 62. g6 1-0


[Site "https://www.chess.com"]

[Event "Titled Tuesday Blitz March 22 Late 2022"]
[White "Almagro Mazariegos, Sebastian"]
[Black "Rosen, Eric"]
[WhiteFideId "2221640"]
[BlackFideId "2032562"]
[WhiteElo "2273"]
[BlackElo "2362"]
[Result "0-1"]
[Round "09"]
[TimeControl "180+1"]
[Date "2022.03.22"]
[WhiteClock "0:00:02"]
[BlackClock "0:00:04"]

1. e4 c5 2. Nf3 d6 3. d4 Nf6 4. Nc3 cxd4 5. Nxd4 g6 6. f3 Bg7 7. Be3 a6 8. Qd2 h5 9. O-O-O b5 10. Nd5 Nxd5 11. exd5 Bb7 12. Nb3 Nd7 13. Na5 Qc7 14. Kb1 Rc8 15. c4 O-O 16. Rc1 Nc5 17. cxb5 Bxd5 18. b4 Be6 19. bxc5 dxc5 20. Nc6 axb5 21. Bxb5 Ra8 22. Bxc5 Bxa2+ 23. Qxa2 Rxa2 24. Kxa2 Ra8+ 25. Kb3 Qb7 26. Kc4 Ra2 27. Nxe7+ Kh7 28. Rhd1 Rxg2 0-1


[Site "https://www.chess.com"]

[Event "Titled Tuesday Blitz March 22 Late 2022"]
[White "Altman, Joshua"]
[Black "Lin, Dachey"]
[WhiteFideId "426210"]
[BlackFideId "2029650"]
[WhiteElo "1945"]
[BlackElo "2313"]
[Result "1-0"]
[Round "09"]
[TimeControl "180+1"]
[Date "2022.03.22"]
[WhiteClock "0:02:25"]
[BlackClock "0:01:38"]

1. d4 g6 2. c4 Bg7 3. Nf3 c5 4. d5 f5 5. Qc2 Nf6 6. Nc3 O-O 7. Bg5 d6 8. e3 Ne4 9. Nxe4 fxe4 10. Nd2 Bf5 11. Be2 Nd7 12. g4 h6 13. gxf5 hxg5 14. fxg6 e6 15. Qxe4 exd5 16. Qe6+ 1-0


[Site "https://www.chess.com"]

[Event "Titled Tuesday Blitz March 22 Late 2022"]
[White "Ansh M Shah"]
[Black "Szpar, Milosz"]
[WhiteFideId "25033379"]
[BlackFideId "1184989"]
[WhiteElo "1819"]
[BlackElo "2447"]
[Result "0-1"]
[Round "09"]
[TimeControl "180+1"]
[Date "2022.03.22"]
[WhiteClock "0:00:06"]
[BlackClock "0:00:53"]

1. d4 Nf6 2. c4 e6 3. Nf3 c5 4. g3 cxd4 5. Nxd4 a6 6. Bg2 Nc6 7. Nxc6 bxc6 8. O-O d5 9. b3 Be7 10. Nd2 O-O 11. Bb2 a5 12. a3 Ba6 13. Qc2 h6 14. Rfd1 Qb6 15. Rab1 Rac8 16. b4 Rfd8 17. Bc3 axb4 18. Bxb4 c5 19. Bc3 Qc7 20. cxd5 exd5 21. Nb3 Rd7 22. Bxf6 Bxf6 23. Rxd5 Rxd5 24. Bxd5 c4 25. Nd2 c3 26. Ne4 Be5 27. Rc1 Rd8 28. Ba2 Kh8 29. Bb3 Rc8 30. a4 f5 31. Be6 fxe4 32. Bxc8 Bxc8 33. Qxe4 Bb7 34. Qf5 Qc6 35. f3 Bd4+ 36. Kg2 Qe8 37. Rc2 Ba6 38. e4 Bd3 39. Rc1 c2 40. Qd5 Qxa4 41. Kh3 Bc4 42. Qxd4 Be6+ 43. Kg2 Qxd4 44. Rxc2 Bc4 45. Rf2 Qd1 46. e5 Qe1 47. f4 Bd5+ 48. Kh3 Qxf2 49. Kg4 Be6+ 50. Kh5 Qxh2+ 51. Kg6 Qxg3+ 52. Kh5 Qg4# 0-1


[Site "https://www.chess.com"]

[Event "Titled Tuesday Blitz March 22 Late 2022"]
[White "Antonova, Nadezhda"]
[Black "Koutlas, Nikolaos"]
[WhiteFideId "14700182"]
[BlackFideId "25827138"]
[WhiteElo "1751"]
[BlackElo "1610"]
[Result "0-1"]
[Round "09"]
[TimeControl "180+1"]
[Date "2022.03.22"]
[WhiteClock "0:01:22"]
[BlackClock "0:02:01"]

1. Nf3 Nf6 2. b3 g6 3. Bb2 Bg7 4. g3 O-O 5. Bg2 d6 6. d4 Bf5 7. O-O d5 8. c4 c6 9. Nc3 Nbd7 10. Rc1 Ne4 11. Nh4 Nxc3 12. Bxc3 Be4 13. f3 Bf5 14. e4 Be6 15. Bb2 dxc4 16. bxc4 Nb6 17. Qb3 Nxc4 18. Rxc4 b5 19. d5 bxc4 20. Qc2 Qb6+ 21. Kh1 Qxb2 22. Qxb2 Bxb2 23. dxe6 c3 24. exf7+ Rxf7 25. Rf2 Rd8 26. Bh3 Rd2 27. Rf1 c2 28. Be6 Rd1 0-1


[Site "https://www.chess.com"]

[Event "Titled Tuesday Blitz March 22 Late 2022"]
[White "Aravindh, Chithambaram VR."]
[Black "Gabrielian, Artur"]
[WhiteFideId "5072786"]
[BlackFideId "4131002"]
[WhiteElo "2561"]
[BlackElo "2440"]
[Result "1-0"]
[Round "09"]
[TimeControl "180+1"]
[Date "2022.03.22"]
[WhiteClock "0:00:18"]
[BlackClock "0:00:01"]

1. b3 Nf6 2. Bb2 g6 3. g3 Bg7 4. Bg2 O-O 5. d4 d6 6. Nf3 e5 7. dxe5 Ng4 8. c4 Nc6 9. Nc3 dxe5 10. Qxd8 Rxd8 11. h3 Nf6 12. Nd2 Nd4 13. O-O-O c6 14. e3 Ne6 15. Nde4 Nxe4 16. Nxe4 f5 17. Rxd8+ Nxd8 18. Nd6 Nf7 19. Ne8 Bh8 20. Rd1 Rb8 21. f4 e4 22. Bxh8 Kxh8 23. c5 Kg8 24. Bf1 Kf8 25. Nf6 Ke7 26. Ng8+ Kf8 27. Nf6 Ke7 28. Nxh7 Be6 29. Ng5 Nxg5 30. fxg5 b6 31. Rd6 Rc8 32. Bc4 Bxc4 33. bxc4 bxc5 34. Rxg6 Rd8 35. h4 Rd3 36. h5 Rxe3 37. h6 Re1+ 38. Kd2 Rh1 39. Ke3 Kf7 40. Rf6+ Ke7 41. Rxf5 Ke6 42. Rxc5 Kd6 43. Ra5 c5 44. g6 Rxh6 45. g7 1-0


[Site "https://www.chess.com"]

[Event "Titled Tuesday Blitz March 22 Late 2022"]
[White "Artemiev, Vladislav"]
[Black "Fedoseev, Vladimir"]
[WhiteFideId "24101605"]
[BlackFideId "24130737"]
[WhiteElo "2811"]
[BlackElo "2726"]
[Result "1-0"]
[Round "09"]
[TimeControl "180+1"]
[Date "2022.03.22"]
[WhiteClock "0:00:04"]
[BlackClock "0:00:06"]

1. Nf3 a6 2. e4 c5 3. c3 d6 4. d4 Qc7 5. Bd3 Bg4 6. O-O g6 7. Nbd2 Bg7 8. h3 Bd7 9. d5 Bb5 10. c4 Bd7 11. a4 a5 12. Re1 e5 13. dxe6 Bxe6 14. Nb1 Nc6 15. Na3 Rd8 16. Nb5 Qb8 17. Rb1 Nge7 18. b3 O-O 19. Bb2 Ne5 20. Bf1 N7c6 21. Bc3 h6 22. Rb2 f5 23. Rd2 fxe4 24. Nxe5 dxe5 25. Rxe4 Bf5 26. Re1 Nd4 27. Bxa5 Rd7 28. Bb6 Qc8 29. Na7 Qb8 30. a5 Qd6 31. Nb5 Nf3+ 32. gxf3 Qxd2 33. Qxd2 Rxd2 34. Bxc5 Rc8 35. Be3 Rb2 36. Nd6 Rc7 37. Bb6 Rd7 38. c5 Be6 39. Bb5 Re7 40. Bd8 Rd7 41. Bxd7 Bxd7 42. Nxb7 Rxb3 43. Bb6 Ra3 44. Nd8 Bf6 45. c6 Bxh3 46. c7 Bc8 47. Nc6 Kf7 48. Na7 Bb7 49. c8=Q Bxc8 50. Nxc8 Rxf3 51. Nd6+ Ke6 52. Ne4 Be7 53. Ra1 Rb3 54. a6 Rxb6 55. a7 1-0


[Site "https://www.chess.com"]

[Event "Titled Tuesday Blitz March 22 Late 2022"]
[White "Atanejhad, Sahebali"]
[Black "Kozin, Yuri"]
[WhiteFideId "12506664"]
[BlackFideId "4129920"]
[WhiteElo "1977"]
[BlackElo "2544"]
[Result "0-1"]
[Round "09"]
[TimeControl "180+1"]
[Date "2022.03.22"]
[WhiteClock "0:00:03"]
[BlackClock "0:00:04"]

1. d4 d5 2. c4 c6 3. Nf3 Nf6 4. Nc3 dxc4 5. a4 Bf5 6. Ne5 e6 7. f3 Bb4 8. Kf2 Bc2 9. Qd2 Bb3 10. e3 O-O 11. Bxc4 Bxc4 12. Nxc4 Nbd7 13. Qc2 c5 14. Rd1 Qc7 15. Kg1 cxd4 16. Rxd4 Bc5 17. Nb5 Qc6 18. Rd3 Ne5 19. Rc3 Nxc4 20. Rxc4 Rac8 21. Kh1 a6 22. Na7 Bxa7 23. Rxc6 Rxc6 24. Qe2 Rfc8 25. Bd2 Rc2 26. Qd3 Rxb2 27. Rd1 h6 28. e4 e5 29. Be3 Bxe3 30. Qxe3 Rcc2 31. Rg1 b5 32. axb5 axb5 33. Qa7 Rc8 34. Qe7 Re8 35. Qc5 b4 36. Qc1 Ra2 37. Qb1 Ra4 38. Qb3 Rea8 39. Qb2 Nd7 40. Qd2 Nc5 41. Qd5 Ne6 42. Qxe5 b3 43. Qb2 Ra3 44. h3 Nc5 45. Qd4 Na4 46. Rb1 b2 47. Rxb2 Nxb2 48. Qxb2 Ra1+ 49. Kh2 R1a2 50. Qb7 R2a7 51. Qd5 Rc8 52. Qf5 Re8 53. Qf4 Rae7 54. Qe3 Kh7 55. Qd3 g6 56. Qd5 h5 57. Qd6 Kg8 58. Qf4 Re5 59. h4 Kg7 60. Qd2 R5e6 61. Qc3+ Kg8 62. Kg3 Rd8 63. Kf4 Red6 64. Kg5 Kh7 65. Qb3 Re6 66. Qb7 Kg7 67. Kf4 Rde8 68. Qb2+ Kg8 69. Kg3 R6e7 70. Qf2 Rd7 71. Qb6 Red8 72. Qc6 Rd2 73. Qf6 Rc8 74. Qf4 Rcc2 75. Qh6 Rxg2+ 76. Kf4 Rcf2 77. Ke5 Rxf3 78. Qc1 Rgf2 79. Qc8+ Kg7 80. Qc1 Rf4 81. Qa1 Rxh4 82. Kd6+ Kh7 83. Ke7 Rxe4+ 84. Kf8 Kh6 85. Qg7+ Kg5 86. Qc3 Ref4 87. Qc1 h4 88. Kg7 h3 89. Qh1 Kh4 90. Qg1 h2 91. Qh1 Kh3 92. Kh6 Rf1 93. Qd5 h1=Q 94. Qd2 Kg4+ 0-1


[Site "https://www.chess.com"]

[Event "Titled Tuesday Blitz March 22 Late 2022"]
[White "Avazkhonov, Alikhon"]
[Black "Erdogdu, Mert"]
[WhiteFideId "14208504"]
[BlackFideId "6301495"]
[WhiteElo "1739"]
[BlackElo "2485"]
[Result "0-1"]
[Round "09"]
[TimeControl "180+1"]
[Date "2022.03.22"]
[WhiteClock "0:00:06"]
[BlackClock "0:00:56"]

1. f4 d5 2. Nf3 c5 3. g3 Nf6 4. Bg2 g6 5. O-O Bg7 6. d3 O-O 7. Qe1 Bf5 8. Nc3 Nc6 9. e4 dxe4 10. dxe4 Bg4 11. Be3 Bxf3 12. Bxf3 Nd4 13. e5 Nxc2 14. Qf2 Nxe3 15. Qxe3 Nd7 16. Rad1 Qc8 17. Nd5 Re8 18. e6 Bd4 19. Rxd4 cxd4 20. exd7 dxe3 21. dxc8=Q Raxc8 22. Nxe3 b5 23. Rd1 Red8 24. Kf2 Rxd1 25. Bxd1 e6 26. g4 Kf8 27. g5 Ke7 28. Bc2 a5 29. Bd3 Rc5 30. Ke2 Kd6 31. a3 Kc6 32. Ng4 Kd6 33. Ne5 Ke7 34. Kd2 b4 35. axb4 axb4 36. b3 Rc3 37. Bc4 Rh3 38. Nc6+ Kd6 39. Nxb4 Rxh2+ 40. Kc3 h5 41. gxh6 Rxh6 42. Kd4 Rh4 43. Nd3 e5+ 44. Ke3 exf4+ 45. Nxf4 g5 46. Nd3 f5 47. Bg8 Rh3+ 48. Kd4 g4 49. b4 g3 50. Bd5 Rh4+ 0-1


[Site "https://www.chess.com"]

[Event "Titled Tuesday Blitz March 22 Late 2022"]
[White "Aydin, Gulenay"]
[Black "Al-Tarboush, Ward"]
[WhiteFideId "34557431"]
[BlackFideId "7601450"]
[WhiteElo "1429"]
[BlackElo "2276"]
[Result "0-1"]
[Round "09"]
[TimeControl "180+1"]
[Date "2022.03.22"]
[WhiteClock "0:00:03"]
[BlackClock "0:00:06"]

1. e4 b6 2. d4 Bb7 3. Bd3 e6 4. Nf3 c5 5. c3 Nf6 6. Nbd2 Be7 7. O-O cxd4 8. cxd4 Ba6 9. Bxa6 Nxa6 10. Re1 O-O 11. e5 Nd5 12. Ne4 f5 13. exf6 Nxf6 14. Nxf6+ Bxf6 15. d5 Nc5 16. Rb1 Re8 17. b4 Nb7 18. Bf4 Rc8 19. Qa4 Rc4 20. Qxa7 Qa8 21. Qxb6 Rxf4 22. dxe6 dxe6 23. Rxe6 Rxe6 24. Qxe6+ Kh8 25. Re1 h6 26. b5 Nc5 27. Qd6 Rc4 28. b6 Ne4 29. Qe6 Rb4 30. h3 Qb7 31. a3 Rb2 32. Qe8+ Kh7 33. Qxe4+ Qxe4 34. Rxe4 Rxb6 35. Ra4 Be7 36. g3 Rb3 37. Kg2 Bxa3 38. Nd4 Rd3 39. Ne6 Be7 40. Ra7 Bf6 41. Nf4 Rd2 42. Nh5 Bd4 43. Rf7 Kg6 44. Rf8 Kxh5 45. g4+ Kg6 46. Kg3 Be5+ 47. f4 Bf6 48. h4 Rd3+ 49. Kg2 Bxh4 50. f5+ Kh7 51. Rf7 Rg3+ 52. Kf2 Rxg4+ 53. Kf3 Ra4 0-1


[Site "https://www.chess.com"]

[Event "Titled Tuesday Blitz March 22 Late 2022"]
[White "Babazada, Khazar"]
[Black "Dobrov, Vladimir"]
[WhiteFideId "13413554"]
[BlackFideId "4136594"]
[WhiteElo "2418"]
[BlackElo "2614"]
[Result "0-1"]
[Round "09"]
[TimeControl "180+1"]
[Date "2022.03.22"]
[WhiteClock "0:00:47"]
[BlackClock "0:00:09"]

1. Nf3 d5 2. g3 Nd7 3. d4 Nb6 4. Bg2 Bf5 5. O-O e6 6. a4 a5 7. b3 Nf6 8. Bb2 Be7 9. Nbd2 O-O 10. e3 h6 11. Rc1 c6 12. Qe2 Nbd7 13. c4 Qb6 14. Ne1 Ne4 15. c5 Qa6 16. Qxa6 Rxa6 17. Nxe4 dxe4 18. f3 Nf6 19. fxe4 Bxe4 20. Bxe4 Nxe4 21. Nd3 b6 22. Ba3 Rb8 23. Nf2 Nxf2 24. Kxf2 bxc5 25. Bxc5 Bxc5 26. Rxc5 Rxb3 27. Rfc1 Ra3 28. Rxc6 Rxc6 29. Rxc6 Rxa4 30. Ra6 g5 31. Kf3 Kg7 32. h4 Ra3 33. hxg5 hxg5 34. g4 a4 35. Ke4 Ra1 36. Ra7 a3 37. Ra5 Kf6 38. d5 exd5+ 39. Rxd5 Kg6 40. Ra5 f6 41. Kf3 Kf7 42. Ra6 Ke7 43. Ke4 a2 44. Ra5 Kd6 45. Ra8 Kc5 46. Ra4 Kb5 47. Ra8 Kb4 48. Ra7 Kc3 49. Ra8 Kd2 50. Ra7 Ke2 51. Ra3 Kf2 52. Kf5 Kg3 53. e4+ Kh4 54. Kg6 Kxg4 55. Ra4 Kh3 0-1


[Site "https://www.chess.com"]

[Event "Titled Tuesday Blitz March 22 Late 2022"]
[White "Bachmann, Axel"]
[Black "Bibasa, Bob"]
[WhiteFideId "3700488"]
[BlackFideId "10000240"]
[WhiteElo "2587"]
[BlackElo "2056"]
[Result "0-1"]
[Round "09"]
[TimeControl "180+1"]
[Date "2022.03.22"]
[WhiteClock "0:00:01"]
[BlackClock "0:00:19"]

1. d4 Nf6 2. g3 d5 3. Nf3 Bf5 4. c4 c6 5. Nc3 e6 6. Nh4 Bg4 7. h3 Bh5 8. g4 Bg6 9. g5 Ne4 10. Nxg6 Nxc3 11. Qb3 hxg6 12. bxc3 Qc7 13. Bg2 Nd7 14. Rb1 Rb8 15. O-O Bd6 16. a4 Bh2+ 17. Kh1 Bf4 18. cxd5 cxd5 19. Qc2 Nb6 20. e4 Bxc1 21. Qxc1 dxe4 22. a5 Nc4 23. Re1 e3 24. fxe3 Qg3 25. Re2 O-O 26. Qe1 Qxg5 27. Rxb7 Rxb7 28. Bxb7 Qxa5 29. Bg2 Rb8 30. e4 Rb3 31. Rc2 Qb6 32. Kh2 Rb1 33. Qe2 Qc7+ 34. e5 Qd8 35. Qxc4 Qg5 36. Qd3 Qf4+ 37. Qg3 Qf5 38. Re2 Rc1 39. Re3 Ra1 40. Qf3 Qb1 41. Re4 Qg1+ 42. Kg3 Ra2 43. Rg4 Qe1+ 44. Kf4 Rf2 45. Qxf2 Qxf2+ 46. Ke4 Qe2+ 47. Kf4 Qd2+ 48. Kg3 Qxc3+ 49. Bf3 Qe1+ 50. Kg2 Qd2+ 51. Kg3 a5 52. Re4 a4 53. d5 exd5 54. Rxa4 Qg5+ 55. Kf2 Qxe5 56. Ra8+ Kh7 57. Ra4 d4 58. Ra3 Qf4 59. Rd3 Qh2+ 60. Bg2 Qf4+ 61. Bf3 g5 62. Kg2 f5 63. Rd1 Qe3 64. Rf1 d3 65. Rd1 d2 0-1


[Site "https://www.chess.com"]

[Event "Titled Tuesday Blitz March 22 Late 2022"]
[White "Bernal Moro, Luis Javier"]
[Black "Ortez, Andrea"]
[WhiteFideId "2200236"]
[BlackFideId "6702392"]
[WhiteElo "2373"]
[BlackElo "1696"]
[Result "1/2-1/2"]
[Round "09"]
[TimeControl "180+1"]
[Date "2022.03.22"]
[WhiteClock "0:00:04"]
[BlackClock "0:00:09"]

1. c4 e6 2. g3 d5 3. Bg2 Nf6 4. Nf3 Be7 5. O-O O-O 6. b3 c5 7. e3 Nc6 8. Bb2 b6 9. cxd5 exd5 10. d4 Be6 11. Nc3 h6 12. Rc1 Rc8 13. dxc5 bxc5 14. Na4 c4 15. Nd4 Nb4 16. Nxe6 fxe6 17. bxc4 dxc4 18. Bd4 Nd3 19. Rc2 e5 20. Bc3 e4 21. Bxf6 Bxf6 22. Bxe4 Qa5 23. Rd2 Rfd8 24. Bxd3 cxd3 25. Qb3+ Kh8 26. Rfd1 Qf5 27. Nb2 Rc7 28. Nxd3 Rcd7 29. Qc2 Qe4 30. Kf1 Qh1+ 31. Ke2 Qxh2 32. Ne1 Qh5+ 33. Nf3 Rxd2+ 34. Rxd2 Rxd2+ 35. Qxd2 Qb5+ 36. Qd3 Qb2+ 37. Qd2 Qb5+ 38. Kd1 Qc6 39. Nd4 Qh1+ 40. Kc2 Qd5 41. Kb1 Bxd4 42. Qxd4 Qb5+ 43. Kc2 Qe2+ 44. Qd2 Qc4+ 45. Qc3 Qxa2+ 46. Qb2 Qc4+ 47. Kd2 Qd5+ 48. Ke1 Qh1+ 49. Ke2 Qc6 50. Qb8+ Kh7 51. Qxa7 Qc2+ 52. Kf1 Qd1+ 53. Kg2 Qd5+ 54. Kh2 Qh5+ 55. Kg1 Qd1+ 56. Kg2 Qd5+ 57. Kh2 Qh5+ 58. Kg2 Qd5+ 1/2-1/2


[Site "https://www.chess.com"]

[Event "Titled Tuesday Blitz March 22 Late 2022"]
[White "Borodavkin, Anatoly"]
[Black "Stanisz, Patryk"]
[WhiteFideId "14150662"]
[BlackFideId "1123106"]
[WhiteElo "1845"]
[BlackElo "1876"]
[Result "1-0"]
[Round "09"]
[TimeControl "180+1"]
[Date "2022.03.22"]
[WhiteClock "0:01:50"]
[BlackClock "0:01:55"]

1. e4 c5 2. Nc3 a6 3. g3 b5 4. Bg2 Bb7 5. d3 g6 6. f4 d6 7. Nf3 Bg7 8. O-O e6 9. Be3 Ne7 10. e5 Nf5 11. Bf2 O-O 12. exd6 Qxd6 13. Ne4 Bxe4 14. dxe4 Nd4 15. e5 Nxf3+ 16. Qxf3 Qd2 17. Qxa8 Nd7 18. Qc6 Nb8 19. Qxc5 Rd8 20. Rad1 Qxd1 21. Rxd1 Rxd1+ 22. Bf1 Rd8 23. Qc7 Re8 24. Ba7 1-0


[Site "https://www.chess.com"]

[Event "Titled Tuesday Blitz March 22 Late 2022"]
[White "Brahami, Lamine"]
[Black "Urazayev, Arystanbek"]
[WhiteFideId "7905637"]
[BlackFideId "13709810"]
[WhiteElo "1909"]
[BlackElo "2393"]
[Result "1-0"]
[Round "09"]
[TimeControl "180+1"]
[Date "2022.03.22"]
[WhiteClock "0:01:24"]
[BlackClock "0:01:50"]

1. d4 d5 2. c4 c6 3. Nf3 Nf6 4. e3 Bg4 5. Nbd2 e6 6. Qb3 Qb6 7. c5 Qc7 8. Ne5 Nbd7 9. Nxg4 Nxg4 10. Be2 Ngf6 11. O-O e5 12. Qc3 h5 13. b4 e4 14. f4 exf3 15. Nxf3 Ne4 16. Qc2 Be7 17. Bd3 f5 18. a4 a6 19. Rb1 O-O 20. b5 axb5 21. axb5 Bf6 22. Bd2 g6 23. Be1 Kh7 24. Bh4 Bxh4 25. Nxh4 Ra3 26. Bxe4 dxe4 27. bxc6 bxc6 28. d5 cxd5 29. c6 Ne5 30. Rb7 Ra7 31. Rxc7+ Rxc7 32. Qc5 Rfc8 33. Qd6 1-0


[Site "https://www.chess.com"]

[Event "Titled Tuesday Blitz March 22 Late 2022"]
[White "Bryakin, Mikhail"]
[Black "Mikhailov, Viacheslav"]
[WhiteFideId "4165314"]
[BlackFideId "4187369"]
[WhiteElo "2417"]
[BlackElo "2381"]
[Result "0-1"]
[Round "09"]
[TimeControl "180+1"]
[Date "2022.03.22"]
[WhiteClock "0:00:03"]
[BlackClock "0:00:27"]

1. e4 d6 2. d4 Nf6 3. Nc3 g6 4. Nf3 Bg7 5. Be2 O-O 6. O-O Bg4 7. h3 Bxf3 8. Bxf3 Nc6 9. Be3 e5 10. d5 Ne7 11. g3 Nd7 12. Bg2 f5 13. exf5 gxf5 14. f4 e4 15. Ne2 Nb6 16. Bxb6 axb6 17. c3 Qe8 18. Qd2 Kh8 19. a3 Qb5 20. Rfd1 Nxd5 21. Kh2 Ne7 22. Nd4 Qc4 23. Nc2 Rg8 24. Ne3 Qf7 25. Qe2 Bh6 26. Nf1 Rg7 27. Qf2 Rag8 28. Rd4 Nd5 29. Bh1 Nf6 30. Rad1 Qh5 31. Kg2 Qf7 32. Kh2 Nh5 33. Rd5 Nxg3 34. Nxg3 Rxg3 35. Qxg3 Rxg3 36. Kxg3 Qg6+ 37. Kf2 Bxf4 38. Kf1 Qg3 39. Rxf5 Qxh3+ 0-1


[Site "https://www.chess.com"]